[Event "Titled Tuesday Blitz March 21 Early 2023"]
[White "Albornoz Cabrera, Carlos Daniel"]
[Black "Grot, Blazej"]
[WhiteFideId "3518736"]
[BlackFideId "21835845"]
[WhiteElo "2501"]
[BlackElo "1823"]
[Result "1/2-1/2"]
[Round "01"]
[TimeControl "180+2"]
[Date "2023.03.21"]
[WhiteClock "0:00:14"]
[BlackClock "0:00:18"]

1. d4 Nf6 2. c4 g6 3. Nc3 d5 4. Nf3 Bg7 5. Qb3 dxc4 6. Qxc4 Be6 7. Qa4+ Bd7 8. Qb3 c5 9. dxc5 Na6 10. Be3 Qa5 11. Ne5 O-O 12. Nc4 Qc7 13. Rc1 Nxc5 14. Bxc5 Qxc5 15. e3 Be6 16. Qb5 Rfc8 17. Qxc5 Rxc5 18. Nd2 Nd5 19. Nde4 Ra5 20. a3 Rc8 21. Kd2 f5 22. Ng5 Nxc3 23. bxc3 Ba2 24. c4 Rxa3 25. Ne6 Bb2 26. Rc2 Bf6 27. Bd3 Rc6 28. Nd4 Rd6 29. Ra1 Bxd4 30. exd4 Rxd4 31. Rc3 Ra6 32. c5 Bc4 33. Rxc4 Rxd3+ 34. Kxd3 Rxa1 35. Rb4 Rd1+ 36. Kc4 b6 37. cxb6 axb6 38. Kc3 Rg1 39. g3 Rg2 40. Rb2 Rxh2 41. Kd4 Kf7 42. Ke5 h5 43. Kf4 h4 44. g4 fxg4 45. Kxg4 h3 46. Kg3 Rh1 47. Rxb6 h2 48. Kg2 Rg1+ 49. Kxh2 Rf1 50. Kg3 Rd1 51. Rb4 Rd5 52. Rf4+ Rf5 53. Ra4 Kf6 54. f3 Kf7 55. Ra6 Rf6 56. Ra7 Rf5 57. Ra6 Rf6 58. Ra4 Rf5 59. Ra6 1/2-1/2


[Site "https://www.chess.com"]

[Event "Titled Tuesday Blitz March 21 Early 2023"]
[White "Ronka, Erik"]
[Black "Zohid6"]
[WhiteFideId "505080"]
[WhiteElo "2264"]
[BlackElo "2791"]
[Result "1/2-1/2"]
[Round "01"]
[TimeControl "180+2"]
[Date "2023.03.21"]
[WhiteClock "0:00:07"]
[BlackClock "0:01:04"]

1. e4 e6 2. d4 d5 3. exd5 exd5 4. Nf3 Nc6 5. Bb5 Bd6 6. c4 dxc4 7. d5 a6 8. Ba4 b5 9. dxc6 bxa4 10. O-O Ne7 11. Nbd2 Be6 12. Qxa4 O-O 13. Nxc4 Bd5 14. Nxd6 Bxc6 15. Qf4 cxd6 16. Nd4 Bb7 17. b3 Ng6 18. Qg3 Qf6 19. Bb2 Rfe8 20. Rad1 Rac8 21. Ba1 Qe5 22. Qxe5 dxe5 23. Nf5 Rb8 24. Nd6 Rf8 25. Nxb7 Rxb7 26. Rd6 Ra8 27. Rfd1 f6 28. g3 h5 29. h4 Kh7 30. Kg2 a5 31. Rd7 Rbb8 32. Rc7 Nf8 33. f4 exf4 34. Bxf6 Ne6 35. Re7 Re8 36. Rxe8 Rxe8 37. Bc3 fxg3 38. Kxg3 a4 39. bxa4 Nc5 40. Bd4 Nxa4 41. Kf4 Re6 42. Rg1 g6 43. Rb1 Rc6 44. Rb7+ Kg8 45. Rg7+ Kf8 46. Rd7 Nc5 47. Bxc5+ Rxc5 48. Ra7 Rf5+ 49. Kg3 Rf1 50. a4 Ke8 51. a5 Ra1 52. a6 Ra4 53. Ra8+ Kf7 54. a7 Kg7 55. Kh3 Ra3+ 56. Kg2 Kh7 57. Kf2 Kg7 58. Kg2 Ra4 59. Kg3 Ra6 60. Kf4 Ra3 61. Ke5 g5 62. hxg5 h4 63. Kf4 h3 64. Rd8 Rxa7 65. Rd3 h2 66. Rh3 Ra2 67. Kg3 Kg6 68. Rxh2 Ra4 69. Rh4 Ra5 70. Rg4 Kh5 71. Rh4+ Kxg5 72. Rg4+ Kf5 73. Rb4 Ra3+ 74. Kf2 Ke5 75. Ke2 Rh3 76. Kf2 Kd5 77. Kg2 Rc3 78. Rg4 Ke5 79. Rb4 Rc2+ 80. Kf3 Rc3+ 81. Ke2 Kd5 82. Rh4 Rc4 83. Rxc4 Kxc4 1/2-1/2


[Site "https://www.chess.com"]

[Event "Titled Tuesday Blitz March 21 Early 2023"]
[White "Smirnov, Pavel"]
[Black "Begunov, Konstantin"]
[WhiteFideId "4123425"]
[BlackFideId "4118510"]
[WhiteElo "2519"]
[BlackElo "2079"]
[Result "1-0"]
[Round "01"]
[TimeControl "180+2"]
[Date "2023.03.21"]
[WhiteClock "0:01:11"]
[BlackClock "0:00:05"]

1. d4 d5 2. c4 c6 3. Nf3 Nf6 4. e3 a6 5. Nc3 Bg4 6. Qb3 b5 7. cxd5 Bxf3 8. gxf3 cxd5 9. a4 bxa4 10. Qxa4+ Nbd7 11. e4 e6 12. e5 Nh5 13. Bb5 Be7 14. Bc6 Rb8 15. O-O Rb4 16. Qxa6 O-O 17. Qd3 Bg5 18. Kh1 Bxc1 19. Raxc1 Nb8 20. Bb5 Rxb2 21. Qe3 Qh4 22. Rb1 Ng3+ 23. Kg2 Nxf1 24. Rxf1 Rc8 25. Rc1 h6 26. f4 Rb3 27. Be2 g5 28. Nxd5 Rxe3 29. Rxc8+ Kg7 30. Nf6 Kg6 31. fxe3 gxf4 32. Rg8+ Kf5 33. Bd3# 1-0


[Site "https://www.chess.com"]

[Event "Titled Tuesday Blitz March 21 Early 2023"]
[White "rikchessmx"]
[Black "Pakleza, Zbigniew"]
[BlackFideId "1119290"]
[WhiteElo "2417"]
[BlackElo "2410"]
[Result "0-1"]
[Round "01"]
[TimeControl "180+2"]
[Date "2023.03.21"]
[WhiteClock "0:00:51"]
[BlackClock "0:00:44"]

1. e4 d6 2. d4 Nf6 3. Nc3 c6 4. f3 Qb6 5. Nge2 e5 6. a4 Be7 7. a5 Qc7 8. Ng3 O-O 9. Bc4 Re8 10. O-O Nbd7 11. Be3 Bf8 12. Qd2 Rb8 13. Bb3 b5 14. axb6 axb6 15. Rfd1 b5 16. Nce2 Nb6 17. dxe5 dxe5 18. Nf5 Bxf5 19. exf5 Nfd5 20. Bg5 Nc4 21. Bxc4 bxc4 22. Ra2 Bc5+ 23. Kh1 f6 24. Bh4 Ne3 25. Rda1 Nxf5 26. Bg3 h5 27. Qc3 Qf7 28. Be1 Bb4 29. Qxb4 Rxb4 30. Bxb4 Nd4 31. Ra7 Qg6 32. Ng3 Nxc2 0-1


[Site "https://www.chess.com"]

[Event "Titled Tuesday Blitz March 21 Early 2023"]
[White "Flores, Diego"]
[Black "Hoffmann, Asa"]
[WhiteFideId "108049"]
[BlackFideId "2001470"]
[WhiteElo "2606"]
[BlackElo "2117"]
[Result "1-0"]
[Round "01"]
[TimeControl "180+2"]
[Date "2023.03.21"]
[WhiteClock "0:01:04"]
[BlackClock "0:01:46"]

1. c4 Nf6 2. Nc3 d6 3. d4 Bf5 4. g3 c6 5. Bg2 Nbd7 6. e4 Bg6 7. Nge2 e5 8. d5 Nc5 9. f3 a5 10. Be3 Nfd7 11. h4 h5 12. Bh3 Be7 13. Qd2 Qc7 14. O-O-O a4 15. Kb1 O-O 16. Bf5 Bxf5 17. exf5 Nf6 18. Bxc5 dxc5 19. d6 Qa5 20. dxe7 Rfe8 21. Ne4 1-0


[Site "https://www.chess.com"]

[Event "Titled Tuesday Blitz March 21 Early 2023"]
[White "Tarasova, Viktoriya"]
[Black "Gadimbayli, Abdulla"]
[WhiteFideId "4175840"]
[BlackFideId "13404938"]
[WhiteElo "2182"]
[BlackElo "2390"]
[Result "1-0"]
[Round "01"]
[TimeControl "180+2"]
[Date "2023.03.21"]
[WhiteClock "0:00:09"]
[BlackClock "0:00:07"]

1. d4 d5 2. c4 e5 3. dxe5 d4 4. Nf3 Nc6 5. a3 Nge7 6. Nbd2 Ng6 7. Nb3 Ngxe5 8. Nxe5 Nxe5 9. Qxd4 Qxd4 10. Nxd4 Nxc4 11. Nb5 Bd6 12. e4 Be6 13. Nxd6+ Nxd6 14. f3 O-O-O 15. Bf4 Rhe8 16. g4 Bb3 17. Rc1 c6 18. Kf2 f6 19. Be2 Nf7 20. h4 Ne5 21. Rc3 Bf7 22. Rhc1 Rd7 23. b4 a6 24. a4 Re6 25. b5 axb5 26. axb5 Rc7 27. Ke3 Kd7 28. Bg3 Kc8 29. f4 Nd7 30. f5 Re8 31. Bxc7 Kxc7 32. bxc6 bxc6 33. Rxc6+ Kd8 34. Rc8+ Ke7 35. Rxe8+ Bxe8 36. Bb5 Ne5 37. Bxe8 Kxe8 38. g5 Kf8 39. Rc7 Kg8 40. Kf4 Nd3+ 41. Ke3 Ne5 42. gxf6 gxf6 43. h5 h6 44. Kd4 Kf8 45. Kd5 Nf7 46. Ke6 Ng5+ 47. Kxf6 Nxe4+ 48. Kg6 Nd6 49. Rd7 Ke8 50. Rxd6 1-0


[Site "https://www.chess.com"]

[Event "Titled Tuesday Blitz March 21 Early 2023"]
[White "Yuan, Qingyu"]
[Black "Shevtchenko, Olesya"]
[WhiteFideId "8609772"]
[BlackFideId "24131890"]
[WhiteElo "2359"]
[BlackElo "2003"]
[Result "1-0"]
[Round "01"]
[TimeControl "180+2"]
[Date "2023.03.21"]
[WhiteClock "0:00:36"]
[BlackClock "0:01:11"]

1. e4 c6 2. d4 d5 3. exd5 cxd5 4. Bd3 Nc6 5. c3 Qc7 6. h3 Nf6 7. Nf3 g6 8. O-O Bf5 9. Re1 Bg7 10. Bxf5 gxf5 11. Nh4 O-O-O 12. Nxf5 Bf8 13. Qf3 e6 14. Bg5 Ne4 15. Bxd8 Qxd8 16. Ng3 Nxg3 17. fxg3 Qd7 18. Nd2 f5 19. Qe3 Nd8 20. Nf3 Bd6 21. Ne5 Qc7 22. Re2 Rg8 23. Qf3 Nf7 24. Nxf7 Qxf7 25. g4 f4 26. Rae1 Re8 27. g5 Qg6 28. Qg4 Kd7 29. Kh1 Re7 30. b3 a6 31. c4 dxc4 32. d5 cxb3 33. axb3 Qd3 34. Rxe6 Rxe6 35. Qxe6+ Kc7 36. Rc1+ Kb8 37. Qxd6+ Ka7 38. Qc5+ Kb8 39. Qf8+ Ka7 40. Qxf4 1-0


[Site "https://www.chess.com"]

[Event "Titled Tuesday Blitz March 21 Early 2023"]
[White "Forgacs, Attila Jr."]
[Black "Idani, Pouya"]
[WhiteFideId "773654"]
[BlackFideId "12510130"]
[WhiteElo "2168"]
[BlackElo "2574"]
[Result "0-1"]
[Round "01"]
[TimeControl "180+2"]
[Date "2023.03.21"]
[WhiteClock "0:00:08"]
[BlackClock "0:00:13"]

1. e4 c5 2. Nf3 d6 3. d4 cxd4 4. Nxd4 Nf6 5. Nc3 Nc6 6. Bg5 e6 7. Nxc6 bxc6 8. Bd3 Be7 9. O-O Qc7 10. Kh1 O-O 11. f4 h6 12. Bh4 Rb8 13. b3 Nxe4 14. Nxe4 Bxh4 15. Nxd6 Rd8 16. Nxc8 Rbxc8 17. Qg4 Bf6 18. Rad1 c5 19. Qf3 Qa5 20. Qe4 g6 21. a4 Rd4 22. Qe2 Rcd8 23. Rde1 Qc7 24. Qe3 Kg7 25. Bc4 R8d6 26. c3 Rd2 27. Re2 Rxe2 28. Bxe2 Qa5 29. Rc1 h5 30. h3 h4 31. Bb5 Qc7 32. b4 Rd5 33. bxc5 Rxc5 34. c4 Rf5 35. Qd2 Rxf4 36. a5 Rd4 37. Qc2 Qg3 38. a6 Be5 39. Kg1 Qh2+ 40. Kf1 Rf4+ 41. Ke1 Qg1+ 42. Kd2 Qxg2+ 43. Kd3 Qg3+ 44. Ke2 Rf2+ 45. Kd1 Qg1# 0-1


[Site "https://www.chess.com"]

[Event "Titled Tuesday Blitz March 21 Early 2023"]
[White "Mahdavi, Reza"]
[Black "Fernandez Garcia, Gumersindo"]
[WhiteFideId "12595926"]
[BlackFideId "24516740"]
[WhiteElo "2208"]
[BlackElo "2093"]
[Result "1-0"]
[Round "01"]
[TimeControl "180+2"]
[Date "2023.03.21"]
[WhiteClock "0:01:12"]
[BlackClock "0:00:42"]

1. Nf3 Nf6 2. g3 d5 3. Bg2 Bf5 4. c4 c6 5. cxd5 cxd5 6. Qb3 Qb6 7. Qxb6 axb6 8. Nc3 Nc6 9. d3 e5 10. Bg5 Bb4 11. O-O Be6 12. Nb5 Ke7 13. a3 Bd6 14. Rfc1 h6 15. Be3 d4 16. Bd2 Rhc8 17. Rc2 Nd5 18. Rac1 Na5 19. Rxc8 Rxc8 20. Rxc8 Bxc8 21. Nfxd4 Nc7 22. Nxd6 Kxd6 23. Bb4+ Kd7 24. Nf5 Ne6 25. Bd5 g6 26. Nxh6 Nc6 27. Bxc6+ bxc6 28. Nxf7 c5 29. Nxe5+ Kd6 30. Bc3 g5 31. f3 Bb7 32. Kf2 Ke7 33. h4 gxh4 34. gxh4 Kf8 35. Nd7+ 1-0


[Site "https://www.chess.com"]

[Event "Titled Tuesday Blitz March 21 Early 2023"]
[White "Jakubowska, Anna"]
[Black "Beerdsen, Thomas"]
[WhiteFideId "1121952"]
[BlackFideId "1030108"]
[WhiteElo "2001"]
[BlackElo "2547"]
[Result "1-0"]
[Round "01"]
[TimeControl "180+2"]
[Date "2023.03.21"]
[WhiteClock "0:00:16"]
[BlackClock "0:00:05"]

1. e4 e5 2. Nf3 Nc6 3. Bb5 f5 4. Nc3 fxe4 5. Nxe4 Nf6 6. d3 d5 7. Nxf6+ gxf6 8. Nxe5 fxe5 9. Qh5+ Kd7 10. O-O Qe8 11. Qf3 e4 12. dxe4 Qxe4 13. Qf7+ Be7 14. Bg5 Qe6 15. Bxc6+ Kxc6 16. Qxe7 Rg8 17. Qxe6+ Bxe6 18. Bh4 Bf5 19. Rfe1 Be4 20. Bg3 Rae8 21. f3 Bg6 22. c3 a5 23. Rxe8 Rxe8 24. Kf2 a4 25. Re1 Rxe1 26. Kxe1 Kd7 27. a3 c5 28. Kd2 Ke6 29. Ke3 b5 30. Bc7 h5 31. h4 Kd7 32. Bb8 Bf5 33. Kf4 Bd3 34. g4 hxg4 35. fxg4 Ke6 36. h5 Be2 37. Be5 Bd1 38. h6 Bc2 39. Bg7 Bh7 40. Bf8 d4 41. Bxc5 dxc3 42. bxc3 Kd5 43. Bb4 Ke6 44. Kg5 Bd3 45. Kf4 Bh7 46. Ke3 Bg6 47. Kd4 Kd7 48. Kc5 Bd3 49. g5 Kc7 50. h7 Bxh7 51. Kxb5 Bc2 52. c4 Kb7 53. c5 Kc8 54. Kc6 Bd1 55. g6 Bc2 56. g7 Bb3 57. Kd6 Kd8 58. c6 Kc8 59. Ba5 Bc4 60. Ke7 Bd5 61. Kf8 Kb8 62. g8=Q Bxg8 63. Kxg8 Ka7 64. Kf7 Ka6 65. c7 Kb5 66. c8=Q 1-0


[Site "https://www.chess.com"]

[Event "Titled Tuesday Blitz March 21 Early 2023"]
[White "Vaishali, Rameshbabu"]
[Black "Silva, Caio Henrique Angelico"]
[WhiteFideId "5091756"]
[BlackFideId "22777210"]
[WhiteElo "2410"]
[BlackElo "2096"]
[Result "1/2-1/2"]
[Round "01"]
[TimeControl "180+2"]
[Date "2023.03.21"]
[WhiteClock "0:00:03"]
[BlackClock "0:00:08"]

1. d4 Nf6 2. Nf3 g6 3. Nc3 d5 4. Bf4 a6 5. e3 Bg7 6. Ne5 c5 7. h4 Nc6 8. Be2 cxd4 9. exd4 Qb6 10. Nxc6 bxc6 11. Na4 Qa5+ 12. c3 h5 13. Nc5 O-O 14. a4 Re8 15. Be5 Qd8 16. O-O Nd7 17. Nxd7 Bxd7 18. Bxg7 Kxg7 19. Bf3 Rb8 20. Qd2 e5 21. dxe5 Rxe5 22. g3 Qf6 23. Bg2 Ree8 24. a5 Bf5 25. Rae1 Qd8 26. Qd4+ Kg8 27. b4 Qd7 28. Qd2 Rbd8 29. Rxe8+ Rxe8 30. Re1 Rxe1+ 31. Qxe1 Qd6 32. Qe3 Be6 33. Qb6 Qe5 34. Qxc6 Qe1+ 35. Kh2 Qxf2 36. b5 axb5 37. a6 Kh7 38. Qb7 Bg4 39. a7 Kg7 40. a8=Q Bf3 41. Qxf7+ Kxf7 42. Qb7+ Kf8 43. Qb8+ Kg7 44. Qe5+ Kg8 45. Qb8+ Kh7 46. Qc7+ Kh8 47. Qc8+ Kh7 48. Qd7+ Kh8 49. Qe8+ Kg7 50. Qe5+ Kg8 51. Qe6+ Kg7 52. Qd7+ Kg8 53. Qe8+ Kg7 54. Qe7+ Kg8 55. Qd8+ Kg7 56. Qc7+ Kg8 57. Qb8+ Kg7 58. Qb7+ Kg8 59. Qc8+ Kg7 60. Qd7+ Kg8 61. Qd8+ Kg7 62. Qe7+ Kg8 63. Qe8+ Kg7 1/2-1/2


[Site "https://www.chess.com"]

[Event "Titled Tuesday Blitz March 21 Early 2023"]
[White "Topalov, Aleksandar"]
[Black "Harshavardhan G B"]
[WhiteFideId "925659"]
[BlackFideId "25059009"]
[WhiteElo "2151"]
[BlackElo "2323"]
[Result "1/2-1/2"]
[Round "01"]
[TimeControl "180+2"]
[Date "2023.03.21"]
[WhiteClock "0:00:09"]
[BlackClock "0:00:05"]

1. b3 d5 2. Bb2 Nf6 3. Nf3 Bf5 4. g3 e6 5. Bg2 Nbd7 6. O-O Be7 7. d3 h6 8. Nbd2 O-O 9. c4 c6 10. a3 Bh7 11. b4 a5 12. Qb3 Qc7 13. Rfc1 Rfc8 14. cxd5 exd5 15. Nd4 Qd8 16. Bh3 axb4 17. axb4 Qb6 18. b5 c5 19. Nf5 Bf8 20. Ne3 Rxa1 21. Rxa1 d4 22. Nec4 Qc7 23. b6 Qd8 24. Ra7 Rb8 25. Bg2 Qe7 26. Bf3 Ne5 27. Nxe5 Qxe5 28. Nc4 Qe7 29. Qc2 Bf5 30. Na5 Qe6 31. Qb3 Qxb3 32. Nxb3 Nd7 33. Rxb7 Rxb7 34. Bxb7 Nxb6 35. Na5 Be6 36. Ba6 Nd5 37. Bc4 Nb6 38. Bxe6 fxe6 39. Bc1 e5 40. Kg2 Kf7 41. Kf3 Ke6 42. Ke4 Nd5 43. Bd2 g5 44. Kf3 Be7 45. Nc4 h5 46. h3 Bd8 47. g4 hxg4+ 48. hxg4 Kf6 49. Ke4 Ke6 50. Kf3 Be7 51. Kg3 Bf6 52. Kf3 Bd8 53. Kg3 Nf4 54. Bxf4 exf4+ 55. Kf3 Kd5 56. Nd2 Be7 57. Nc4 Bf6 58. Nd2 Bd8 59. Nc4 Be7 60. Nd2 Bd6 61. Ne4 Be7 62. Nd2 Bf6 63. Nc4 Bd8 64. Nd2 Kc6 65. Nc4 Kb5 66. Ke4 Kb4 67. e3 fxe3 68. fxe3 dxe3 69. Kxe3 Kc3 70. Ke4 Bc7 71. Ne3 Bh2 72. Nd5+ Kd2 73. Nf6 Ke2 74. Nh5 Kf2 75. Nf6 Bc7 76. Nh7 Bf4 77. Nf8 Kg3 78. Kf5 Kf3 79. Ne6 Ke3 80. Nxg5 Bxg5 81. Kxg5 Kxd3 82. Kf5 c4 83. g5 c3 84. g6 c2 85. g7 c1=Q 86. g8=Q Qf1+ 87. Kg6 Qg2+ 88. Kf7 Qd5+ 89. Kf8 Qd8+ 90. Kg7 Qg5+ 91. Kf8 Qc5+ 92. Kg7 Qe5+ 93. Kf8 Qd6+ 94. Kf7 Kc4 95. Kg7+ Kd4 96. Qf7 Ke5 97. Qg6 Qe7+ 98. Qf7 Qd8 99. Qg6 Qd7+ 100. Kh6 Qh3+ 101. Kg7 Qd7+ 102. Kh6 Qd1 103. Qg5+ Ke6 104. Qg6+ Ke7 105. Qg7+ Ke6 106. Qg8+ Kf6 107. Qf8+ Ke6 108. Qe8+ Kf6 109. Qf8+ Ke6 110. Qe8+ Kf6 111. Qf8+ 1/2-1/2


[Site "https://www.chess.com"]

[Event "Titled Tuesday Blitz March 21 Early 2023"]
[White "Molina, Roberto Junio Brito"]
[Black "Szyszylo, Rafal"]
[WhiteFideId "2109450"]
[BlackFideId "1109626"]
[WhiteElo "2376"]
[BlackElo "1951"]
[Result "1-0"]
[Round "01"]
[TimeControl "180+2"]
[Date "2023.03.21"]
[WhiteClock "0:00:17"]
[BlackClock "0:00:02"]

1. d4 g6 2. e4 d6 3. Nc3 Nf6 4. Be3 c6 5. Qd2 b5 6. f3 Nbd7 7. Nge2 Nb6 8. Nc1 Bb7 9. Bd3 a6 10. O-O Bg7 11. a4 b4 12. N3e2 a5 13. c3 bxc3 14. bxc3 Ba6 15. Bxa6 Rxa6 16. Qd3 Ra8 17. Nb3 O-O 18. Rfb1 Qc7 19. Nd2 Nfd7 20. Bh6 c5 21. Bxg7 Kxg7 22. d5 c4 23. Qc2 Qc5+ 24. Nd4 Qc7 25. Nf1 Nc5 26. Ne3 Kg8 27. Kh1 e5 28. dxe6 fxe6 29. Rd1 Nd3 30. Nxc4 Nxc4 31. Rxd3 Rfe8 32. Nb5 Qc6 33. Rad1 Rad8 34. h3 d5 35. exd5 Rxd5 36. Qe2 Rxd3 37. Rxd3 Qc5 38. Rd4 Nb6 39. Qd3 Nxa4 40. Rxa4 Qf2 41. Ra1 e5 42. Nd6 Re7 43. Ne4 Qb6 44. Qd5+ Kg7 45. Qxa5 Qe3 46. Qc5 Rf7 47. Qxe3 1-0


[Site "https://www.chess.com"]

[Event "Titled Tuesday Blitz March 21 Early 2023"]
[White "Afanasieva, Alexandra"]
[Black "Tanenbaum, Zachary"]
[WhiteFideId "34126926"]
[BlackFideId "2060850"]
[WhiteElo "1763"]
[BlackElo "2175"]
[Result "0-1"]
[Round "01"]
[TimeControl "180+2"]
[Date "2023.03.21"]
[WhiteClock "0:00:12"]
[BlackClock "0:00:14"]

1. e4 e5 2. Nf3 Nc6 3. Bb5 a6 4. Ba4 d6 5. O-O Nf6 6. c4 Bg4 7. h3 Bxf3 8. Qxf3 Be7 9. d3 Nd7 10. Be3 O-O 11. Nc3 Nd4 12. Bxd4 exd4 13. Bxd7 dxc3 14. Ba4 cxb2 15. Rab1 Bf6 16. Qg3 Bd4 17. Kh1 b5 18. Bb3 Qf6 19. f4 c6 20. Qf3 Ra7 21. g4 Qd8 22. g5 g6 23. h4 h5 24. f5 Kg7 25. Kg2 Ra8 26. Qe2 Qe8 27. Rf3 Qe5 28. Rbf1 Rae8 29. Rf4 Qxf4 30. Rxf4 b1=Q 0-1


[Site "https://www.chess.com"]

[Event "Titled Tuesday Blitz March 21 Early 2023"]
[White "Samunenkov, Ihor"]
[Black "Peatman, Carter"]
[WhiteFideId "14187086"]
[BlackFideId "2096480"]
[WhiteElo "2457"]
[BlackElo "2003"]
[Result "1-0"]
[Round "01"]
[TimeControl "180+2"]
[Date "2023.03.21"]
[WhiteClock "0:00:10"]
[BlackClock "0:00:13"]

1. e4 e5 2. Nf3 Nf6 3. Nxe5 d6 4. Nf3 Nxe4 5. Nc3 Nxc3 6. dxc3 Be7 7. Be3 Nc6 8. Qd2 Be6 9. O-O-O Qd7 10. Bb5 a6 11. Ba4 b5 12. Bb3 Na5 13. Bxe6 fxe6 14. b3 Bf6 15. Bd4 O-O 16. Rhe1 e5 17. Bxe5 Kh8 18. Qd5 Rab8 19. Bxf6 Rxf6 20. Re3 c6 21. Qd4 d5 22. Rde1 Rbf8 23. Qb6 Nc4 24. bxc4 bxc4 25. Qc5 Qc7 26. Re5 h6 27. h4 Qb7 28. Re8 Kg8 29. Rxf8+ Rxf8 30. Re7 Qb8 31. Qd4 Rf7 32. Rxf7 Kxf7 33. Ne5+ Kg8 34. Nxc6 Qd6 35. Qxd5+ Qxd5 36. Ne7+ Kf7 37. Nxd5 1-0


[Site "https://www.chess.com"]

[Event "Titled Tuesday Blitz March 21 Early 2023"]
[White "Meunier-Pion, Jean"]
[Black "Postny, Evgeny"]
[WhiteFideId "20685327"]
[BlackFideId "2804344"]
[WhiteElo "2124"]
[BlackElo "2509"]
[Result "1/2-1/2"]
[Round "01"]
[TimeControl "180+2"]
[Date "2023.03.21"]
[WhiteClock "0:00:06"]
[BlackClock "0:00:07"]

1. e4 c5 2. Nf3 e6 3. d4 cxd4 4. Nxd4 Nc6 5. Nc3 d6 6. Nxc6 bxc6 7. Be2 Nf6 8. O-O Be7 9. Bf4 e5 10. Bc1 O-O 11. Kh1 Rb8 12. b3 d5 13. exd5 cxd5 14. Bb2 d4 15. Nb1 Bb7 16. Nd2 e4 17. Nc4 Bc5 18. f3 Re8 19. fxe4 Nxe4 20. Bd3 Qh4 21. Qf3 f5 22. Qf4 Qh5 23. Kg1 Rf8 24. Rae1 Rbe8 25. a3 a6 26. b4 Ba7 27. h3 Bb8 28. Qf3 Qf7 29. Bxd4 Qc7 30. g3 Nxg3 31. Rxe8 Bxf3 32. Rxf8+ Kxf8 33. Rxf3 g6 34. Kg2 Nh5 35. Bc5+ Kg7 36. Bd4+ Kg8 37. Ne5 Ba7 38. Bc4+ Kf8 39. Bxa7 Qxa7 40. Bb3 Qd4 41. Nd3 Qe4 42. Kf2 Kg7 43. Re3 Qd4 44. Ke2 Nf6 45. Re7+ Kh6 46. Re3 Ne4 47. Kf3 Nd2+ 48. Ke2 Nxb3 49. cxb3 f4 50. Rf3 g5 51. h4 Qe4+ 52. Kf2 Qd4+ 53. Ke2 Qc3 54. hxg5+ Kxg5 55. Rxf4 Qxb3 56. Rf3 Qc2+ 57. Ke3 h5 58. Rg3+ Kf6 59. Rf3+ Kg5 60. Rg3+ Kh4 61. Rf3 Qc3 62. Ke4 Qc6+ 63. Ke3 Qd6 64. Nf4 Qe5+ 65. Kf2 Kg4 66. Nd3 Qd4+ 67. Ke2 h4 68. Rf4+ Qxf4 69. Nxf4 Kxf4 70. Kf2 Ke4 71. a4 Kd5 72. b5 axb5 73. axb5 Kc5 74. Kf3 Kxb5 75. Kg4 Ka6 76. Kxh4 1/2-1/2


[Site "https://www.chess.com"]

[Event "Titled Tuesday Blitz March 21 Early 2023"]
[White "Cherniaiev, Tykhon"]
[Black "Kaganskiy, Gleb"]
[WhiteFideId "14182360"]
[BlackFideId "4132025"]
[WhiteElo "2450"]
[BlackElo "2165"]
[Result "1-0"]
[Round "01"]
[TimeControl "180+2"]
[Date "2023.03.21"]
[WhiteClock "0:00:09"]
[BlackClock "0:00:06"]

1. Nf3 d5 2. d4 Nf6 3. c4 e6 4. Nc3 c5 5. cxd5 cxd4 6. Qxd4 exd5 7. Bg5 Be7 8. e3 O-O 9. Be2 Nc6 10. Qd1 Be6 11. O-O Qb6 12. Bxf6 Bxf6 13. Qd2 Rfd8 14. Rfd1 d4 15. exd4 Nxd4 16. Nxd4 Bxd4 17. Bf3 Rac8 18. Qc2 Qa5 19. h3 b6 20. a3 Bxc3 21. bxc3 Rxd1+ 22. Rxd1 Qxa3 23. Qd3 g6 24. Qb5 Qxc3 25. Qa6 Qc7 26. Ra1 Rb8 27. Be2 Qb7 28. Qb5 a5 29. Bf3 Qc7 30. Rb1 Bd7 31. Qd5 Be6 32. Qb5 Rd8 33. Qxb6 Qxb6 34. Rxb6 a4 35. Ra6 Bb3 36. Ra7 Kg7 37. Kh2 h6 38. Bc6 Rd4 39. Bb5 Rb4 40. Be8 g5 41. f3 h5 42. Bd7 h4 43. Be8 Rd4 44. Ra5 Kf6 45. Ra7 Rd2 46. Bxa4 Bxa4 47. Rxa4 Rd6 48. f4 gxf4 49. Rxf4+ Kg7 50. Rxh4 Rc6 51. Rf4 Rd6 52. Kg3 Rc6 53. Rg4+ Kh7 54. h4 Rd6 55. Rf4 Kg7 56. Kg4 Rc6 57. h5 Rd6 58. Kh4 Rc6 59. g4 Rd6 60. Rf5 Rc6 61. Kg5 Rd6 62. h6+ Kg8 63. Kh5 Rc6 64. Rg5+ Kh8 65. Rg7 Rc5+ 66. Rg5 Rc7 67. Rf5 Rb7 68. Kg5 Kh7 69. Rd5 Rc7 70. Kf6 Kxh6 71. Rh5# 1-0


[Site "https://www.chess.com"]

[Event "Titled Tuesday Blitz March 21 Early 2023"]
[White "Jovic, Stanoje"]
[Black "Seo, Jung Min"]
[WhiteFideId "905020"]
[BlackFideId "1734687"]
[WhiteElo "2236"]
[BlackElo "2468"]
[Result "0-1"]
[Round "01"]
[TimeControl "180+2"]
[Date "2023.03.21"]
[WhiteClock "0:00:02"]
[BlackClock "0:00:29"]

1. c4 e5 2. g3 Nf6 3. Bg2 Bc5 4. Nc3 O-O 5. Nf3 d6 6. O-O Nc6 7. e3 a6 8. d4 Ba7 9. h3 Re8 10. a3 Bf5 11. b4 exd4 12. exd4 Ne4 13. Nd5 Ne7 14. Ne3 Bd7 15. Bb2 Ng6 16. Re1 Rb8 17. Qc2 Ng5 18. Nxg5 Qxg5 19. Kh2 f5 20. Nd5 c6 21. f4 Qd8 22. Ne3 Qf6 23. d5 Qf8 24. dxc6 bxc6 25. Qc3 a5 26. Rad1 axb4 27. axb4 Bxe3 28. Rxe3 Rxe3 29. Qxe3 Rxb4 30. Ba3 Rxc4 31. Bxd6 Qe8 32. Qb3 Be6 33. Re1 Qd7 34. Qb8+ Kf7 35. h4 Rd4 36. Bc5 Rd2 37. h5 Bd5 38. hxg6+ Kxg6 39. Rg1 Bxg2 40. Rxg2 Rxg2+ 41. Kxg2 Qd5+ 42. Kh2 Qxc5 43. Qe8+ Kf6 44. Qd8+ Qe7 45. Qd4+ Kf7 46. Qc4+ Qe6 47. Qc5 h6 48. Qa7+ Kg6 49. Qc5 Qd5 50. Qe7 c5 51. Qe8+ Kh7 52. Qc8 c4 0-1


[Site "https://www.chess.com"]

[Event "Titled Tuesday Blitz March 21 Early 2023"]
[White "Hambleton, Aman"]
[Black "Harriott, Tyrell"]
[WhiteFideId "2606577"]
[BlackFideId "2086484"]
[WhiteElo "2511"]
[BlackElo "2107"]
[Result "0-1"]
[Round "01"]
[TimeControl "180+2"]
[Date "2023.03.21"]
[WhiteClock "0:00:01"]
[BlackClock "0:00:22"]

1. d4 e6 2. Bf4 d5 3. e3 Bd6 4. Nf3 Ne7 5. Nbd2 Ng6 6. Bg3 O-O 7. Bd3 f5 8. c4 f4 9. exf4 Nxf4 10. Bxf4 Bxf4 11. O-O c6 12. Qc2 h6 13. g3 Bxd2 14. Nxd2 Qf6 15. Qc3 Nd7 16. Rae1 Nb6 17. c5 Nd7 18. f4 Re8 19. Nf3 Re7 20. Qc2 Nf8 21. b4 Bd7 22. Ne5 Be8 23. Rf2 Nd7 24. a4 Bh5 25. b5 Rc8 26. a5 cxb5 27. Bxb5 Nf8 28. Qb2 Rcc7 29. Bd3 Ng6 30. Qc2 Nf8 31. h4 b6 32. axb6 axb6 33. c6 Be8 34. Rc1 Ra7 35. Kg2 Rec7 36. Qb3 Qe7 37. Qxb6 Qa3 38. Qc5 Qa4 39. Rcc2 Qa1 40. Rc1 Qa4 41. Rfc2 Ra5 42. Qc3 Ra8 43. Rb2 Qa7 44. Qc5 Qa3 45. Qxa3 Rxa3 46. Rb8 Ra2+ 47. Rc2 Rxc2+ 48. Bxc2 Bxc6 49. Ng6 Be8 50. Rxe8 Rxc2+ 51. Kf3 Kf7 52. Rxf8+ Kxg6 53. g4 Rc3+ 54. Kf2 h5 55. g5 Rh3 56. Kg2 Rd3 57. Re8 Kf5 58. Re7 g6 59. Rf7+ Kg4 60. Rf6 Rd2+ 61. Kf1 Rxd4 62. Rxg6 Rxf4+ 63. Kg2 Re4 0-1


[Site "https://www.chess.com"]

[Event "Titled Tuesday Blitz March 21 Early 2023"]
[White "ArtemDyachuk"]
[Black "Volkov, Sergey"]
[BlackFideId "4122763"]
[WhiteElo "2383"]
[BlackElo "2401"]
[Result "0-1"]
[Round "01"]
[TimeControl "180+2"]
[Date "2023.03.21"]
[WhiteClock "0:00:01"]
[BlackClock "0:00:45"]

1. Nf3 d5 2. e3 Nf6 3. c4 c6 4. b3 Bf5 5. Bb2 e6 6. Nh4 Bxb1 7. Qxb1 Nbd7 8. Nf3 Bd6 9. Be2 e5 10. Qf5 Qe7 11. O-O g6 12. Qh3 h5 13. cxd5 cxd5 14. d4 e4 15. Nd2 O-O 16. Nb1 a6 17. a3 Rac8 18. Nc3 Rc6 19. Rfc1 Rfc8 20. b4 Nb6 21. b5 axb5 22. Nxb5 Na4 23. Na7 Rxc1+ 24. Rxc1 Rxc1+ 25. Bxc1 Bxa3 26. Qc8+ Kg7 27. Bxa3 Qxa3 28. Nb5 Qa2 29. Bf1 Nb2 0-1


[Site "https://www.chess.com"]